 Dungeon Crawl Stone Soup version 0.28.0-56-g4927b6849a (webtiles) character file.

Game seed: 7871180666546085310

10196 Atelerd the Geomancer (level 11, -7/69 HPs)
             Began as an Octopode Earth Elementalist on Jan 23, 2023.
             Was a Priest of Sif Muna.
             Mangled by a freezing wraith (14 damage)
             ... on level 10 of the Dungeon.
             The game lasted 00:29:00 (14737 turns).

Atelerd the Geomancer (OpEE)                       Turns: 14737, Time: 00:29:01

Health: -7/69      AC:  1    Str:  9    XL:     11   Next: 58%
Magic:  19/24      EV: 14    Int: 19    God:    Sif Muna [***...]
Gold:   326        SH:  0    Dex: 14    Spells: 20/29 levels left

rFire   + . .      SeeInvis .   q - +6 short sword of Urgency {pain, +Blink rF- Str+2}
rCold   . . .      Faith    .   (no shield)
rNeg    . . .      Spirit   .   (helmet restricted)
rPois   +          Reflect  .   (no amulet)
rElec   .          Harm     .   p - ring of protection from fire
rCorr   .          Rampage  .   h - ring of protection from fire
Will    .....                   (no ring)
Stlth   ++++......              (no ring)
HPRegen 0.21/turn               (no ring)
MPRegen 0.19/turn               (no ring)
                                (no ring)
                                (no ring)

@: slowed, very slow
A: almost no armour, amphibious, 8 rings, camouflage 1, gelatinous body 1,
(nimble swimmer 1), tentacles, dopey 1, poison resistance
a: Renounce Religion, Evoke Blink, Channel Magic, Forget Spell


You were on level 10 of the Dungeon.
You worshipped Sif Muna.
Sif Muna was most pleased with you.
You visited 3 branches of the dungeon, and saw 12 of its levels.

You collected 518 gold pieces.
You spent 192 gold pieces at shops.

Inventory:

Hand Weapons
 f - a +1 dagger of venom
 n - the +5 flail of the Postmodern Wonders {holy, rPois rC+ Int-3 Dex+7}
   (You found it on level 4 of the Dungeon)

   It has been blessed by the Shining One to cause great damage to the undead
   and demons.
   Int:       It affects your intelligence (-3).
   Dex:       It affects your dexterity (+7).
   rC:        It protects you from cold.
   rPois:     It protects you from poison.
 q - the +6 short sword of Urgency (weapon) {pain, +Blink rF- Str+2}
   (You bought it in a shop on level 6 of the Dungeon)

   In the hands of one skilled in necromantic magic, it inflicts extra damage on
   living creatures.
   Str:       It affects your strength (+2).
   rF:        It makes you vulnerable to fire.
   +Blink:    It lets you blink.
Missiles
 b - 141 stones
 s - a throwing net
Armour
 u - a +0 buckler
Jewellery
 h - a ring of protection from fire (right tentacle)
 k - a +6 ring of strength
 p - a ring of protection from fire (left tentacle)
Wands
 a - a wand of flame (28)
 e - a wand of iceblast (16)
 m - a wand of polymorph (6)
 v - a wand of acid (7)
 B - a wand of mindburst (10)
Scrolls
 d - 3 scrolls of brand weapon
 i - 2 scrolls of vulnerability
 l - a scroll of blinking
 o - 2 scrolls of identify
 w - 3 scrolls of teleportation {unknown}
 x - a scroll of magic mapping
 y - a scroll of enchant armour
 A - a scroll of fog
Potions
 c - 2 potions of mutation
 g - 2 potions of brilliance
 j - 3 potions of flight
 r - a potion of resistance {unknown}
 t - 3 potions of attraction {unknown}
 z - a potion of lignification {unknown}


   Skills:
 - Level 4.0 Fighting
 - Level 4.0 Short Blades
 - Level 4.0 Dodging
 - Level 6.0 Stealth
 - Level 9.6 Spellcasting
 - Level 5.0 Transmutations
 - Level 10.0 Earth Magic
 + Level 6.7 Invocations
 - Level 2.0 Evocations


You had 20 spell levels left.
You knew the following spells:

 Your Spells              Type           Power      Damage    Failure   Level
a - Sandblast             Erth           94%        2d19      1%          1
h - Ensorcelled Hibernat  Hex/Ice        18%        N/A       12%         2
p - Petrify               Tmut/Erth      37%        N/A       3%          4
w - Passwall              Tmut/Erth      30%        N/A       1%          2

Your spell library contained the following spells:

 Spells                   Type           Power      Damage    Failure   Level
 Stone Arrow              Conj/Erth      56%        3d10      3%          3
 Spider Form              Tmut/Pois      18%        N/A       9%          3
 Sublimation of Blood     Necr           9%         N/A       12%         2
 Anguish                  Hex/Necr       4%         N/A       58%         4
 Irradiate                Conj/Tmut      9%         3d17      58%         5


Dungeon Overview and Level Annotations

Branches:
Dungeon (10/15)            Temple (1/1) D:5            Lair (1/6) D:8
    Orc: D:9-12

Altars:
Ashenzari
Cheibriados
Dithmenos
Fedhas
Gozag
Nemelex Xobeh
Okawaru
Qazlal
Ru
Sif Muna
Trog
Uskayaw
Vehumet
Wu Jian
Xom
Yredelemnul
Zin
The Shining One

Shops:
D:6 (

Annotations:
D:1 exclusion: 2 downstairs
D:3 exclusion: downstairs
D:6 exclusion: 2 downstairs
D:7 exclusion: 2 downstairs
D:8 exclusion: 3 downstairs


Innate Abilities, Weirdness & Mutations

You cannot wear most types of armour.
You are amphibious.
You can wear up to eight rings at the same time.
Your skin changes colour to match your surroundings (Stealth+).
Your rubbery body absorbs attacks. (AC +1, EV +1)
((You are camouflaged when in or above water. (Stealth+)))
You have tentacles for arms and can constrict up to eight enemies at once.
You are dopey. (Int -2)
Your system is resistant to poisons. (rPois)


Message History

The freezing wraith is lightly damaged.
The freezing wraith misses you. x2
The blast of sand hits the freezing wraith but does no damage.
The freezing wraith is lightly damaged.
The freezing wraith completely misses you.
The freezing wraith hits you! The freezing wraith drains your vigour!
You feel yourself slow down.
You are too injured to fight recklessly!
You are too injured to fight recklessly!
Casting: Sandblast (safe; 1% risk of failure)
Confirm with . or Enter, or press ? or * to list all spells.
Okay, then.
You blink.
Casting: Sandblast (safe; 1% risk of failure)
Confirm with . or Enter, or press ? or * to list all spells.
Okay, then.
Casting: Sandblast (safe; 1% risk of failure)
Confirm with . or Enter, or press ? or * to list all spells.
Aiming: Passwall (safe; 1% risk of failure)
Press: ? - help, Dir - move target, p - freezing wraith A rock wall.
You begin to meditate on the wall.
You continue meditating on the rock.
The freezing wraith hits you. The freezing wraith freezes you!
* * * LOW HITPOINT WARNING * * *
The freezing wraith misses you.
You continue meditating on the rock.
You feel stable enough to blink again. The freezing wraith closely misses you.
The freezing wraith hits you.
* * * LOW HITPOINT WARNING * * *
The freezing wraith drains your vigour!
You feel as though you will be slow longer.
The freezing wraith barely misses you. The freezing wraith hits you!
* * * LOW HITPOINT WARNING * * *
The freezing wraith drains your vigour!
You feel as though you will be slow longer.
You continue meditating on the rock.
The freezing wraith misses you. The freezing wraith closely misses you.
You continue meditating on the rock.
The freezing wraith hits you!
You die...

#.....)....#
#....).....#
#....).....#
#..........#
#..........#
#..........#
#..........#
#####..###.#
##.# #@# #.#
#W# #.# #.#
#.# #.# #..
#.# ##. #.#
.##.# ..#.#
#.#.#


You could see a freezing wraith.

Vanquished Creatures
  4 two-headed ogres
  Erica (D:9)
  2 cyclopes (D:9)
  Maggie (D:6)
  2 gargoyles
  A troll (D:9)
  A blink frog (D:8)
  Sigmund (D:3)
  A wyvern (D:8)
  3 yaks (D:9)
  2 wargs (D:8)
  An acid dragon (D:9)
  A water moccasin (D:8)
  4 orc warriors
  3 ice beasts
  2 black bears
  A sky beast (D:6)
  2 ogres (D:5)
  2 necrophages (D:6)
  3 centaurs
  A phantom (D:5)
  3 kobold brigands
  2 bullfrogs
  A wyvern zombie (D:8)
  3 scorpions
  A water moccasin zombie (D:6)
  3 gnoll sergeants
  A killer bee (D:8)
  12 wights
  A howler monkey (D:8)
  2 centaur zombies
  2 hounds
  3 bullfrog zombies
  2 jellies
  Crazy Yiuf (D:2)
  A gnoll shaman (D:5)
  3 orc priests
  4 centaur skeletons
  Ijyb (D:4)
  7 orc wizards
  Terence (D:2)
  A killer bee zombie (D:7)
  A hound skeleton (D:4)
  Robin (D:2)
  2 howler monkey zombies (D:9)
  19 gnolls
  6 adders
  A shadow imp (D:7)
  A white imp (D:6)
  2 adder skeletons
  A worm (D:2)
  A dart slug (D:1)
  19 orcs
  4 bats
  5 endoplasms
  2 giant cockroaches (D:1)
  4 hobgoblins
  2 jackals (D:1)
  2 quokkas (D:1)
  5 ball pythons
  3 frilled lizards (D:1)
  14 goblins
  18 kobolds
  5 rats
212 creatures vanquished.

Vanquished Creatures (others)
  A bullfrog skeleton (D:7)
  2 plants
3 creatures vanquished.

Grand Total: 215 creatures vanquished

Notes
Turn   | Place    | Note
-------+----------+-------------------------------------------
     0 | D:1      | Atelerd the Octopode Earth Elementalist began the quest for
                  | the Orb.
     0 | D:1      | Reached XP level 1. HP: 11/11 MP: 3/3
   444 | D:1      | Reached XP level 2. HP: 17/17 MP: 3/5
  1204 | D:1      | Reached XP level 3. HP: 21/21 MP: 6/6
  1579 | D:2      | Noticed Terence
  1902 | D:2      | Noticed Robin
  1936 | D:2      | Found a broken altar of Ashenzari.
  2052 | D:2      | Killed Terence
  2053 | D:2      | Reached XP level 4. HP: 24/27 MP: 3/7
  2211 | D:2      | Killed Robin
  2266 | D:2      | Found a runed translucent door.
  2267 | D:2      | Noticed Crazy Yiuf
  2432 | D:2      | Found a faded altar of an unknown god.
  2581 | D:2      | Killed Crazy Yiuf
  2582 | D:2      | Reached XP level 5. HP: 31/31 MP: 7/9
  2850 | D:3      | Noticed Sigmund
  2856 | D:3      | Killed Sigmund
  2857 | D:3      | Reached skill level 4 in Earth Magic
  2857 | D:3      | Reached XP level 6. HP: 21/36 MP: 7/10
  2858 | D:3      | Noticed a black bear
  2919 | D:3      | Killed a black bear
  2920 | D:3      | Reached skill level 5 in Stealth
  3744 | D:4      | Reached XP level 7. HP: 41/41 MP: 10/12
  4030 | D:4      | Noticed Ijyb
  4057 | D:4      | Killed Ijyb
  4631 | D:4      | Learned a level 2 spell: Passwall
  4636 | D:4      | Learned a level 4 spell: Petrify
  4715 | D:4      | Identified the +5 flail of the Postmodern Wonders {holy,
                  | rPois rC+ Int-3 Dex+7}
  4798 | D:5      | Entered Level 5 of the Dungeon
  4948 | D:5      | Reached skill level 5 in Transmutations
  5094 | D:5      | Reached skill level 5 in Earth Magic
  5284 | D:5      | Reached XP level 8. HP: 45/46 MP: 9/14
  5598 | D:5      | Found a staircase to the Ecumenical Temple.
  5614 | Temple   | Entered the Ecumenical Temple
  5689 | Temple   | Became a worshipper of Sif Muna the Loreminder
  5719 | D:5      | Gained mutation: Your system is resistant to poisons.
                  | (rPois) [potion of mutation]
  5719 | D:5      | Gained mutation: You are dopey. (Int -2) [potion of
                  | mutation]
  5746 | D:5      | Reached skill level 6 in Earth Magic
  6244 | D:5      | Learned a level 2 spell: Ensorcelled Hibernation
  7369 | D:6      | Reached skill level 5 in Spellcasting
  7369 | D:6      | Reached skill level 7 in Earth Magic
  7839 | D:6      | Found Wefuoq's Antique Weapon Boutique.
  7844 | D:6      | Bought a translucent short sword for 192 gold pieces
  7844 | D:6      | Identified the +6 short sword of Urgency {pain, +Blink rF-
                  | Str+2} (You bought it in a shop on level 6 of the Dungeon)
  8000 | D:6      | Noticed Maggie
  8009 | D:6      | Reached XP level 9. HP: 40/51 MP: 14/17
  8025 | D:6      | Killed Maggie
  8026 | D:6      | Reached skill level 8 in Earth Magic
  8123 | D:6      | Reached * piety under Sif Muna
  8709 | D:7      | HP: 1/51 [gnoll/+0 halberd (12)]
  8710 | D:7      | Reached skill level 9 in Earth Magic
  9884 | D:8      | Noticed a two-headed ogre
 10270 | D:8      | Reached skill level 1 in Invocations
 10365 | D:8      | Reached skill level 1 in Fighting
 10365 | D:8      | Reached skill level 1 in Short Blades
 10454 | D:8      | Found a snail-covered altar of Cheibriados.
 10468 | D:8      | Noticed a gargoyle
 10778 | D:8      | Reached XP level 10. HP: 56/59 MP: 17/20
 10788 | D:8      | Reached ** piety under Sif Muna
 11124 | D:8      | Reached skill level 10 in Earth Magic
 11136 | D:8      | Noticed a two-headed ogre
 11161 | D:8      | Killed a two-headed ogre
 11576 | D:8      | Killed a gargoyle
 11917 | D:8      | Found a staircase to the Lair.
 12352 | D:8      | Found a radiant altar of Vehumet.
 12353 | D:8      | Found a glowing golden altar of the Shining One.
 12353 | D:8      | Found a sacrificial altar of Ru.
 12354 | D:8      | Found a shadowy altar of Dithmenos.
 12355 | D:8      | Found a stormy altar of Qazlal.
 12356 | D:8      | Found a hide-covered altar of Uskayaw.
 12406 | D:8      | Killed a two-headed ogre
 12518 | D:9      | Noticed a two-headed ogre
 12695 | D:9      | Noticed a centaur warrior
 12695 | D:9      | Noticed a centaur warrior
 12724 | Lair:1   | Entered Level 1 of the Lair of Beasts
 12724 | Lair:1   | Noticed a cane toad
 12730 | D:8      | Reached skill level 5 in Invocations
 13169 | D:9      | Noticed a gargoyle
 13175 | D:9      | Killed a gargoyle
 13176 | D:9      | Reached XP level 11. HP: 69/69 MP: 20/22
 13198 | D:9      | Noticed a cyclops
 13389 | D:9      | Killed a cyclops
 13427 | D:9      | Noticed a cyclops
 13443 | D:9      | Killed a two-headed ogre
 13456 | D:9      | Killed a cyclops
 13456 | D:9      | Reached *** piety under Sif Muna
 13895 | D:9      | Noticed Erica
 13981 | D:9      | Killed Erica
 14287 | D:10     | Entered Level 10 of the Dungeon
 14491 | D:10     | Noticed a two-headed ogre
 14554 | D:10     | Killed a two-headed ogre
 14737 | D:10     | Mangled by a freezing wraith

Illustrated notes

Levels and vault maps discovered:
D:1:      mrwooster_arrival_statue, layout_basic, minmay_misc_feat_iff,
          hex_large
D:2:      layout_rooms, shapermc_ecumenical_altar_petra, basic_altar,
          chequers_avenue, st_stairs_3, uniq_crazy_yiuf_cottage, uniq_robin,
          uniq_terence
D:3:      layout_loops_ring, chequers_serial_rivers_room_a, uniq_sigmund
D:4:      layout_basic, item_on_display_b, uniq_ijyb
D:5:      layout_cave_pods, minmay_temple_entry_offerings
D:6:      layout_basic, serial_shops, shop, uniq_maggie
D:7:      layout_rooms
D:8:      layout_cave_pools, minitemple, erik_lair_orcish_takeover,
          serial_rivers, chequers_serial_rivers_room_b,
          chequers_serial_rivers_small_3, chequers_serial_rivers_micro_e,
          chequers_serial_rivers_small_3, chequers_serial_rivers_small_b,
          chequers_serial_rivers_micro_c, minmay_crossroads
D:9:      minmay_diamond_stairs, layout_loops_ring, david_orc_1_choice,
          serial_co_window_serial, co_window_cross_1, co_window_corner_a,
          co_window_corner_a, co_window_paths_b, co_window_of_opportunity_a,
          co_window_2corner, co_window_unsneaky_path_a,
          co_window_of_opportunity_b, co_window_of_opportunity_b,
          co_window_of_opportunity_b, co_window_corner_b, co_window_2corner,
          glass_columns_a, glass_columns_a, glass_columns_a, uniq_erica
D:10:     layout_basic, hangedman_abyss_or_decor_slice,
          kennysheep_generic_room_2
Temple:   bh_familiar_temple
Lair:1:   layout_gridlike, hangedman_lair_unloving_vines, uniq_gastronok

Skill      XL: |  1  2  3  4  5  6  7  8  9 10 11 |
---------------+----------------------------------+-----
Stealth        | 3 4 5 6 |  6.0
Transmutations | 2 3 4 5 |  5.0
Spellcasting   | 3 4 5 6 7 9 |  9.6
Earth Magic    | 4 5 7 9 10 | 10.0
Invocations    | 1 6 |  6.7
Fighting       | 1 4 |  4.0
Short Blades   | 1 4 |  4.0
Dodging        | 4 |  4.0
Evocations     | 2 |  2.0

Action                   |  1- 3 |  4- 6 |  7- 9 | 10-12 || total
-------------------------+-------+-------+-------+-------++-------
Melee: Unarmed           |    14 |       |       |       ||    14
       Constrict         |     8 |     6 |    26 |     9 ||    49
       Tentacles         |     4 |     4 |    42 |    26 ||    76
       Punch             |     1 |       |     1 |     2 ||     4
       Dagger            |     8 |    15 |    52 |       ||    75
       Short sword       |       |       |    75 |    72 ||   147
 Cast: Sandblast         |    34 |    32 |    97 |    81 ||   244
       Petrify           |       |       |    24 |    38 ||    62
       Passwall          |       |       |     4 |     2 ||     6
       Ensorcelled Hiber |       |       |     3 |    25 ||    28
 Abil: Evoke Blink       |       |       |     4 |     4 ||     8
Evoke: Wand              |     2 |     5 |     6 |    13 ||    26
  Use: Scroll            |       |     2 |    14 |     2 ||    18
       Potion            |       |       |    10 |       ||    10
 Stab: Sleeping          |     4 |     3 |    11 |     6 ||    24
       Petrified         |       |       |    51 |    50 ||   101
       Petrifying        |       |       |       |     1 ||     1
Armor: Skin              |     3 |     2 |    11 |     4 ||    20
Dodge: Dodged            |    11 |    25 |    84 |    60 ||   180
